 Dungeon Crawl Stone Soup version 0.17.1-2-g5865329 (webtiles) character file.

8939 Moresty the Grappler (level 11, -1/113 HPs)
             Began as a Troll Monk on Jan 11, 2016.
             Was a High Priest of Makhleb.
             Slain by an eight-headed hydra (18 damage)
             ... on level 1 of the Lair of Beasts.
             The game lasted 00:27:29 (7900 turns).

Moresty the Grappler (Troll Monk)                   Turns: 7900, Time: 00:27:29

Health: -1/113     AC:  8    Str: 24    XL:     11   Next: 16%
Magic:  10/10      EV: 11    Int:  6    God:    Makhleb [*****.]
Gold:   463        SH:  0    Dex: 12    Spells: 0 memorised, 10 levels left

rFire  . . .     SeeInvis .       - Unarmed
rCold  . . .     Clarity  .     V - +0 robe (curse)
rNeg   . . .     SustAt   .     (no shield)
rPois  +         Gourm    +     (helmet restricted)
rElec  .         Spirit   .     P - +2 cloak {MR+}
rCorr  .         Warding  .     (gloves unavailable)
rMut   .         Stasis   .     (boots unavailable)
MR     +....                    G - amulet of regeneration
Stlth  +++.......               L - ring of poison resistance
                                u - ring of stealth

@: somewhat resistant to hostile enchantments, fairly stealthy
A: unfitting armour, claws 3, fast metabolism 3, gourmand, regeneration 2,
shaggy fur 1, tough skin 2
a: Minor Destruction, Lesser Servant of Makhleb, Major Destruction, Greater
Servant of Makhleb, Renounce Religion


You were on level 1 of the Lair of Beasts.
You worshipped Makhleb.
Makhleb was extremely pleased with you.
You were very full.

You visited 3 branches of the dungeon, and saw 12 of its levels.

You collected 513 gold pieces.
You spent 50 gold pieces at shops.

Inventory:

Armour
 a - a +0 robe
 l - a +0 pair of boots
 F - a +0 cloak
 H - a +0 cloak
 K - a -2 robe
 P - a +2 cloak of magic resistance (worn)
 R - a troll hide
 V - a cursed +0 robe (worn)
Magical Staves
 Q - an uncursed staff of energy
Jewellery
 u - a ring of stealth (left claw)
 C - an uncursed amulet of the gourmand
 G - an amulet of regeneration (around neck)
 L - a ring of poison resistance (right claw)
 O - an uncursed ring of wizardry {unknown}
Wands
 o - a wand of lightning (10)
 E - a wand of random effects (14)
 U - a wand of enslavement (14)
Scrolls
 d - 2 scrolls of random uselessness {unknown}
 e - a scroll of noise {unknown}
 g - 5 scrolls of remove curse
 h - 3 scrolls of enchant armour
 i - 8 scrolls of identify
 k - a scroll of amnesia {unknown}
 x - a scroll of fog {unknown}
 y - 2 scrolls of teleportation {unknown}
 B - a scroll of blinking {unknown}
 D - 3 scrolls of magic mapping {unknown}
 M - a scroll of holy word {unknown}
Potions
 c - a potion of lignification
 f - a potion of flight {unknown}
 m - 2 potions of haste {unknown}
 p - a potion of brilliance {unknown}
 s - a potion of berserk rage {unknown}
 v - a potion of mutation {unknown}
 z - a potion of agility
 I - a potion of ambrosia {unknown}
 J - 2 potions of might
 N - a potion of curing
 S - a potion of magic {unknown}
 T - a potion of cure mutation {unknown}
 W - 2 potions of heal wounds
Books
 q - a book of the Warp

   Spells                             Type                      Level
   a - Recall                         Summoning/Translocation      3
   b - Gell's Gravitas                Hexes/Translocation          3
   c - Force Lance                    Conjuration/Translocation    4
   d - Phase Shift                    Translocation                5
   e - Warp Weapon                    Charms/Translocation         5
   f - Summon Forest                  Summoning/Translocation      5
 A - a book of the Tempests

   Spells                             Type                      Level
   a - Static Discharge               Conjuration/Air              3
   b - Lightning Bolt                 Conjuration/Air              5
   c - Fireball                       Conjuration/Fire             5
   d - Tornado                        Air                          9
   e - Shatter                        Earth                        9
 X - a book of the Earth

   Spells                             Type                      Level
   a - Leda's Liquefaction            Hexes/Earth                  4
   b - Bolt of Magma                  Conjuration/Fire/Earth       5
   c - Statue Form                    Transmutation/Earth          6
   d - Iron Shot                      Conjuration/Earth            6
   e - Shatter                        Earth                        9
 Y - a book of Annihilations

   Spells                             Type                      Level
   a - Poison Arrow                   Conjuration/Poison           6
   b - Chain Lightning                Conjuration/Air              8
   c - Lehudib's Crystal Spear        Conjuration/Earth            8
   d - Glaciate                       Conjuration/Ice              9
   e - Fire Storm                     Conjuration/Fire             9
 Z - the Incunabulum of Moulding and Protection
   (You found it on level 1 of the Lair of Beasts)

   Spells                             Type                      Level
   a - Infusion                       Charms                       1
   b - Ice Form                       Ice/Transmutation            4
   c - Alistair's Intoxication        Transmutation/Poison         4
   d - Irradiate                      Conjuration/Transmutation    5
   e - Haste                          Charms                       6
Comestibles
 b - 9 bread rations
 j - a royal jelly
 n - 2 slices of pizza
 r - a chunk of flesh
 t - 5 beef jerkies
 w - 6 meat rations


   Skills:
 + Level 8.6 Fighting
 - Level 3.7 Dodging
 - Level 1.1 Stealth
 * Level 14.0 Unarmed Combat


You had 10 spell levels left.
You didn't know any spells.

Dungeon Overview and Level Annotations

Branches:
Dungeon (10/15)            Temple (1/1) D:5            Lair (1/8) D:10
    Orc: D:9-12

Altars:
Ashenzari
Cheibriados
Dithmenos
Elyvilon
Fedhas
Gozag
Kikubaaqudgha
Makhleb
Nemelex Xobeh
Okawaru
Qazlal
Ru
Sif Muna
Trog
Vehumet
Xom
Yredelemnul
Zin
The Shining One

Shops:
D:4 [=[!   D:6 *=?*


Innate Abilities, Weirdness & Mutations

You are too large for most types of armour.
You have claws for hands.
Your metabolism is lightning-fast.
You like to eat raw meat.
You heal very quickly.
You are covered in fur (AC +1).
You have very tough skin (AC +2).


Message History

The seven-headed hydra completely misses you.
The seven-headed hydra bites you!
You barely miss the seven-headed hydra. The seven-headed hydra misses you.
The seven-headed hydra barely misses you.
The seven-headed hydra bites you but does no damage. x2
The seven-headed hydra bites you!
The seven-headed hydra barely misses you.
The seven-headed hydra bites you but does no damage.
You rip one of the seven-headed hydra's heads off!
The six-headed hydra grows two more!
You mangle the eight-headed hydra!!
The eight-headed hydra is heavily wounded.
The eight-headed hydra bites you! x2
* * * LOW HITPOINT WARNING * * *
The eight-headed hydra bites you!
* * * LOW HITPOINT WARNING * * *
The eight-headed hydra barely misses you. x2
The eight-headed hydra bites you.
* * * LOW HITPOINT WARNING * * *
The eight-headed hydra bites you!!
You die...

.) ........#
#..........##
####...........#.###
P..... ......#.....#
#.....##...........#
#............#
....#### #
#P.......####......###
#.†.@...##....###..##
#..##D.[###....#.#...
#.. #...%..........<.
#..#...........##....
##...........##......
#...#............##P.
##....##.>.#..#.####.
......##...#....## #.
......P....##....###.


You could see an eight-headed hydra.

Vanquished Creatures
  The ghost of riffraff the Cleaver, a novice MiBe of Trog (D:9)
  A hill giant (D:10)
  The ghost of zigs the Covert, a novice OpIE (D:7)
  Maurice (D:9)
  2 spiny frogs (Lair:1)
  A fire drake (D:10)
  A troll (D:9)
  A two-headed ogre (D:8)
  A spriggan (D:7)
  A deep elf mage (D:10)
  A mottled dragon (D:9)
  3 water moccasins
  2 ice beasts
  4 orc warriors (D:7)
  2 porcupines (Lair:1)
  An eye of draining (D:3)
  3 sky beasts
  A phantom (D:10)
  A black bear (D:7)
  4 ogres
  3 centaurs
  2 big kobolds
  4 giant frogs
  A gnoll sergeant (D:8)
  2 scorpions
  12 killer bees
  3 wights (D:8)
  5 crimson imps
  4 giant frog skeletons
  A quasit (D:10)
  Crazy Yiuf (D:5)
  7 hounds
  2 jellies
  15 orc wizards
  12 orc priests
  Terence (D:3)
  6 iguanas
  7 worker ants
  A worker ant zombie (D:6)
  14 gnolls
  15 adders
  2 adder zombies
  2 oozes
  3 adder skeletons
  2 worms
  7 giant geckos
  42 orcs
  A ball python (D:4)
  2 bats (D:2)
  5 giant cockroaches
  8 goblins
  2 hobgoblins
  12 jackals
  10 kobolds
  4 quokkas
  A giant gecko skeleton (D:6)
  A giant gecko zombie (D:7)
  7 giant newts
  2 jackal zombies (D:6)
  A quokka zombie (D:5)
  7 rats
272 creatures vanquished.

Vanquished Creatures (others)
  A hobgoblin (D:3)
  A goblin (D:3)
2 creatures vanquished.

Grand Total: 274 creatures vanquished

Notes
Turn   | Place    | Note
--------------------------------------------------------------
     0 | D:1      | Moresty the Troll Monk began the quest for the Orb.
     0 | D:1      | Reached XP level 1. HP: 22/22 MP: 0/0
   197 | D:1      | Reached XP level 2. HP: 17/29 MP: 1/1
   755 | D:2      | Reached XP level 3. HP: 31/36 MP: 2/2
   891 | D:2      | Reached XP level 4. HP: 44/44 MP: 3/3
  1206 | D:3      | Found an iron altar of Okawaru.
  1237 | D:3      | Found a shattered altar of Ashenzari.
  1250 | D:3      | Reached skill level 5 in Unarmed Combat
  1257 | D:3      | Noticed Terence
  1264 | D:3      | Killed Terence
  1456 | D:3      | Found a radiant altar of Vehumet.
  1505 | D:3      | Found a bloodstained altar of Trog.
  1505 | D:3      | Noticed an eye of draining
  1524 | D:3      | Killed an eye of draining
  1524 | D:3      | Reached XP level 5. HP: 51/53 MP: 0/4
  1694 | D:3      | Found a shadowy altar of Dithmenos.
  2120 | D:4      | Found Faonkeet's Jewellery Shop.
  2172 | D:4      | Found Norchas's Armour Emporium.
  2374 | D:4      | Reached XP level 6. HP: 61/61 MP: 5/5
  2395 | D:4      | Found Qoor's Armour Boutique.
  2424 | D:4      | Reached skill level 6 in Unarmed Combat
  2566 | D:4      | Found Pyos's Distillery.
  2571 | D:4      | Bought a potion of heal wounds for 50 gold pieces
  2634 | D:5      | Entered Level 5 of the Dungeon
  2748 | D:5      | Found a deep blue altar of Sif Muna.
  2825 | D:5      | Reached XP level 7. HP: 52/68 MP: 6/6
  2834 | D:5      | Reached skill level 7 in Unarmed Combat
  2886 | D:5      | Found a staircase to the Ecumenical Temple.
  2912 | D:5      | Found a deep blue altar of Sif Muna.
  3075 | D:5      | Noticed Crazy Yiuf
  3080 | D:5      | Killed Crazy Yiuf
  3149 | Temple   | Entered the Ecumenical Temple
  3174 | Temple   | Became a worshipper of Makhleb the Destroyer
  3174 | Temple   | Reached * piety under Makhleb
  3174 | Temple   | Reached ** piety under Makhleb
  3229 | D:6      | Found Uredac's General Store.
  3247 | D:6      | Found Fiuc Hot's Magic Scroll Shop.
  3349 | D:6      | HP: 2/70 [orc warrior/dire flail (13)]
  3485 | D:7      | Reached skill level 8 in Unarmed Combat
  3490 | D:7      | Reached XP level 8. HP: 71/79 MP: 7/7
  3612 | D:6      | Found Watz's Jewellery Emporium.
  3783 | D:6      | Found Bofuituu's General Store.
  3929 | D:6      | Reached skill level 5 in Fighting
  4003 | D:6      | Reached skill level 9 in Unarmed Combat
  4095 | D:6      | Reached *** piety under Makhleb
  4343 | D:7      | Found a blossoming altar of Fedhas.
  4569 | D:7      | Reached skill level 10 in Unarmed Combat
  4765 | D:7      | Noticed zigs's ghost (novice OpIE)
  4780 | D:7      | Reached XP level 9. HP: 64/89 MP: 8/8
  4786 | D:7      | Killed zigs's ghost
  4794 | D:7      | Reached **** piety under Makhleb
  5226 | D:7      | Noticed a spriggan baker
  5229 | D:7      | Killed a spriggan baker
  5354 | D:8      | Reached skill level 11 in Unarmed Combat
  5694 | D:8      | Found a burning altar of Makhleb.
  5946 | D:9      | Reached ***** piety under Makhleb
  6131 | D:9      | Reached skill level 12 in Unarmed Combat
  6131 | D:9      | Reached XP level 10. HP: 102/102 MP: 9/9
  6202 | D:9      | Noticed riffraff's ghost (novice MiBe)
  6228 | D:9      | Killed riffraff's ghost
  6284 | D:9      | Noticed Maurice
  6293 | D:9      | Killed Maurice
  6400 | D:9      | Found a glowing silver altar of Zin.
  6526 | D:9      | Reached skill level 13 in Unarmed Combat
  6929 | D:10     | Entered Level 10 of the Dungeon
  7359 | D:10     | Found a staircase to the Lair.
  7517 | D:10     | Noticed a hill giant
  7530 | D:10     | Killed a hill giant
  7530 | D:10     | Reached XP level 11. HP: 109/113 MP: 10/10
  7721 | Lair:1   | Entered Level 1 of the Lair of Beasts
  7826 | Lair:1   | Identified the Incunabulum of Moulding and Protection
  7858 | Lair:1   | Reached skill level 14 in Unarmed Combat
  7887 | Lair:1   | Noticed a seven-headed hydra
  7900 | Lair:1   | Slain by an eight-headed hydra

Action                   |  1- 3 |  4- 6 |  7- 9 | 10-12 || total
-------------------------+-------+-------+-------+-------++-------
Melee: Unarmed           |    70 |   151 |   365 |   236 ||   822
  Use: Potion            |       |     1 |     4 |       ||     5
       Scroll            |       |       |     1 |     1 ||     2
 Stab: Sleeping          |     1 |     8 |     6 |     4 ||    19
  Eat: Chunk             |    11 |    20 |    32 |    17 ||    80
